 Dungeon Crawl Stone Soup version 0.29.1-15-g9cfb28693d (webtiles) character file.

Game seed: 8793582032881386948

0 ChiefBigBeans the Trooper (level 1, -5/19 HPs)
             Began as a Minotaur Abyssal Knight on Feb 24, 2023.
             Was a Believer of Lugonu.
             Slain by a thrashing horror (14 damage)
             ... on level 1 of the Abyss.
             The game lasted 00:00:40 (50 turns).

ChiefBigBeans the Trooper (Minotaur Abyssal Knight)   Turns: 50, Time: 00:00:41

Health: -5/19      AC:  3    Str: 17    XL:     1   Next: 0%
Magic:  1/1        EV: 11    Int:  7    God:    Lugonu [**....]
Gold:   0          SH:  0    Dex: 10    Spells: 0/0 levels left

rFire   . . .      SeeInvis .   a - +1 spear
rCold   . . .      Faith    .   (no shield)
rNeg    . . .      Spirit   .   b - +0 leather armour
rPois   .          Reflect  .   (helmet restricted)
rElec   .          Harm     .   (no cloak)
rCorr   .          Rampage  .   (no gloves)
Will    .....                   (no boots)
Stlth   +.........              (no amulet)
HPRegen 0.06/turn               (no ring)
MPRegen 0.07/turn               (no ring)

@: no status effects
A: horns 2, retaliatory headbutt
a: Renounce Religion, Depart the Abyss, Bend Space


You were on level 1 of the Abyss.
You worshipped Lugonu.
Lugonu was pleased with you.
You visited 0 branches of the dungeon, and saw 0 of its levels.
You visited the Abyss 1 time.

Inventory:

Hand Weapons
 a - a +1 spear (weapon)
Armour
 b - a +0 leather armour (worn)


   Skills:
 + Level 3.6 Fighting
 + Level 2.4 Polearms
 + Level 2.4 Armour
 + Level 1.1 Dodging
 + Level 1.7 Invocations


You couldn't memorise any spells.
You didn't know any spells.
Your spell library was empty.

Dungeon Overview and Level Annotations

Branches:
Dungeon (0/15)

Altars:


Innate Abilities, Weirdness & Mutations

You have a pair of horns on your head.
You reflexively headbutt those who attack you in melee.


Message History

Lugonu says: Depart the Abyss and spread corruption, my servant! (use the ability menu to exit the Abyss) Press ? for a list of commands and other information.
Found a corrupted altar of Lugonu.
Found a gateway leading out of the Abyss.
There is a corrupted altar of Lugonu here.
You offer a prayer to Lugonu.
Unknown command.
Press < or > to pray at altars.
Found a gateway leading deeper into the Abyss.
Found a stormy altar of Qazlal.
A neqoxec comes into view.
A bone dragon comes into view.
A will-o-the-wisp comes into view.
The will-o-the-wisp gives a chilling moan.
The will-o-the-wisp gestures.
The will-o-the-wisp conjures some foxfire!
A foxfire comes into view. x2
The foxfire moves out of view.
A thrashing horror comes into view.
The thrashing horror roars!
You hear a roar!
The foxfire dissipates! x2
A thrashing horror comes into view.
The thrashing horror roars!
You puncture the will-o-the-wisp!
Your headbutt misses the will-o-the-wisp.
The will-o-the-wisp is moderately damaged.
The thrashing horror tramples you.
You stumble backwards!
A small abomination comes into view.
The thrashing horror roars!
The thrashing horror closely misses you.
The thrashing horror barely misses you.
The will-o-the-wisp blinks!
The thrashing horror closely misses you.
The thrashing horror tramples you.
You stumble backwards!
The thrashing horror misses you.
The thrashing horror tramples you but does no damage.
The thrashing horror attacks as you move away!
The thrashing horror tramples you!
The thrashing horror closely misses you.
The thrashing horror tramples you!
Ouch! That really hurt!
You die...

.....# #....## ....##
#..## #####
#...####.#.#
ยง..3....##..##..# .#
#.#...#.##..##..##..##
............X.........
# D..##......X@.......
..#.....##..##..##..##
. ....#.##.._#..# #
#..# ............ .
..........>.
#.##..##..##.v ...
.x##..# .. ## ... ....
..


You could see 2 thrashing horrors.

Vanquished Creatures (others)
  2 foxfires (Abyss:1)
2 creatures vanquished.

Notes
Turn   | Place    | Note
-------+----------+-------------------------------------------
     0 | Abyss:1  | ChiefBigBeans the Minotaur Abyssal Knight began the quest
                  | for the Orb.
     0 | Abyss:1  | Reached XP level 1. HP: 19/19 MP: 1/1
    37 | Abyss:1  | Found a stormy altar of Qazlal.
    42 | Abyss:1  | Noticed a neqoxec
    42 | Abyss:1  | Noticed a bone dragon
    44 | Abyss:1  | Found a stormy altar of Qazlal.
    44 | Abyss:1  | Noticed a will-o-the-wisp
    46 | Abyss:1  | Noticed a thrashing horror
    47 | Abyss:1  | Noticed a thrashing horror
    48 | Abyss:1  | Noticed a small abomination
    50 | Abyss:1  | Slain by a thrashing horror

Illustrated notes

Levels and vault maps discovered:
Abyss:1:  base: Temple, base: Temple, hangedman_relentless_pull

Action                   || total
-------------------------++-------
Melee: Spear             ||     1
Armor: Leather armour    ||     1
Dodge: Dodged            ||     5
